 Dungeon Crawl Stone Soup version 0.32-a0-401-g0bcb2a7693 (webtiles) character file.

Game seed: 13101999981623837838

1078 mohammadb5305 the Fighter (level 8, -1/68 HPs)
             Began as a Formicid Fighter on Feb 20, 2024.
             Was an Initiate of Beogh.
             Slain by an orc warrior
             ... wielding a +0 halberd
              (10 damage)
             ... on level 9 of the Dungeon.
             The game lasted 00:16:43 (3885 turns).

mohammadb5305 the Fighter (Formicid Fighter)        Turns: 3885, Time: 00:16:44

Health: -1/68      AC:  7    Str: 23    XL:     8   Next: 54%
Magic:  17/17      EV: 10    Int: 11    God:    Beogh [......]
Gold:   255        SH:  0    Dex: 13    Spells: 7/7 levels left

rFire   . . .        a - +0 war axe
rCold   . . .        c - +0 buckler
rNeg    . . .        q - +3 ring mail of Summer {rPois Str+3}
rPois   +            (helmet unavailable)
rElec   .            s - +2 cloak
rCorr   .            (no gloves)
SInv    +            (no boots)
Will    .....        (no amulet) Stlth
                     p - ring of magical power
HPRegen 0.31/turn    (no ring)
MPRegen 0.15/turn

%: no passive effects
@: confused, mighty, ambrosia-drunk, corroded
A: permanent stasis, dig shafts and tunnels, antennae 3, four strong arms
a: Dig, Shaft Self, Renounce Religion


You were on level 9 of the Dungeon.
You worshipped Beogh.
Beogh was noncommittal.
You visited 1 branch of the dungeon, and saw 8 of its levels.

You collected 255 gold pieces.

Inventory:

Hand Weapons
 a - a +0 war axe (weapon)
Armour
 c - a +0 buckler (worn)
 q - the +3 ring mail of Summer (worn) {rPois Str+3}
   (You found it on level 3 of the Dungeon)

   Str+3:     It affects your strength (+3).
   rPois:     It protects you from poison
 s - a +2 cloak (worn)
Jewellery
 p - a ring of magical power (left hand)
 r - an amulet of the acrobat
 t - a ring of ice
Wands
 v - a wand of flame (6)
Scrolls
 b - a scroll of torment
 f - a scroll of noise
 h - 3 scrolls of teleportation
 i - a scroll of immolation
 j - a scroll of blinking {unknown}
 o - a scroll of vulnerability {unknown}
Potions
 d - a potion of might
 e - a potion of enlightenment {unknown}
 g - a potion of degeneration
 k - 3 potions of attraction
 n - a potion of haste
 u - a potion of resistance {unknown}


   Skills:
 + Level 8.0 Fighting
 + Level 6.9 Axes
 - Level 3.4 Armour
 - Level 4.1 Shields


You had 7 spell levels left.
You didn't know any spells.
Your spell library was empty.

Dungeon Overview and Level Annotations

Branches:
Dungeon (9/15)             Temple (0/1) D:4
   Lair: D:8-11         Orc: D:9-12

Altars:
Cheibriados
Hepliaklqana
Makhleb
Nemelex Xobeh
Vehumet

Annotations:
D:1 1 transporter
D:3 3 runed translucent doors, anansati's ghost, amateur DsGl


Innate Abilities, Weirdness & Mutations

You cannot be hasted, slowed, berserked, paralysed or teleported.
You can dig through walls and to a lower floor.
You have a pair of large antennae on your head. (SInv)
Your four strong arms can wield two-handed weapons with a shield.


Message History

The orc warrior hits you but does no damage.
You feel very mighty all of a sudden.
The orc shouts!
The orc hits you but does no damage. The orc warrior barely misses you.
You closely miss the orc.
The orc is severely wounded.
You hit the orc warrior. You block the orc's attack.
The orc warrior hits you with a +0 halberd!
You hit the orc.
You kill the orc!
Beogh accepts your kill.
You hit the orc warrior.
An acid dragon comes into view.
The orc warrior hits you but does no damage.
You hit the orc warrior but do no damage.
The orc warrior is lightly wounded.
You slash the orc wizard!
The orc warrior hits you with a +0 halberd!
The orc wizard barely misses you. You block the orc warrior's attack.
You are too injured to fight recklessly!
You are too injured to fight recklessly!
You are too injured to fight recklessly!
You are too injured to fight recklessly!
It was a potion of haste.
Your stasis prevents you from being hasted.
The orc wizard hits you but does no damage.
The acid dragon spits acid at you.
The splash of acid misses the orc wizard.
The splash of acid hits you!!
* * * LOW HITPOINT WARNING * * *
The acid corrodes you! The orc warrior closely misses you.
The orc wizard attacks as it pursues you!
The orc wizard hits you but does no damage.
The orc warrior hits you from afar with a +0 halberd.
* * * LOW HITPOINT WARNING * * *
You are confused.
You feel invigorated.
The orc warrior hits you from afar with a +0 halberd!
You die...
Beogh appreciates the orc warrior's killing of a heretic priest.

###################
...................
................#####
................>....
##.>.....@.......
#.<....o#######..
#......o{o.......
#+#######D......#
#.#.....# #.......#
.#+###### .. ...


You could see an orc warrior and an orc wizard (invisible).

Vanquished Creatures
  A water moccasin (D:9)
  An ice beast (D:5)
  4 black bears
  A centaur (D:7)
  A scorpion (D:5)
  A bombardier beetle (D:3)
  A hound (D:4)
  Jessica (D:2)
  2 orc wizards
  Robin (D:2)
  4 adders
  A gnoll (D:1)
  A dart slug (D:3)
  2 ribbon worms
  7 orcs
  11 ball pythons
  7 endoplasms
  4 giant cockroaches
  13 goblins
  14 hobgoblins
  A jackal (D:1)
  2 quokkas (D:3)
  6 bats
  4 frilled lizards
  7 kobolds
  8 rats
106 creatures vanquished.

Vanquished Creatures (others)
  An orc (D:5)
1 creature vanquished.

Grand Total: 107 creatures vanquished

Notes
Turn   | Place    | Note
-------+----------+-------------------------------------------
     0 | D:1      | mohammadb5305 the Formicid Fighter began the quest for the
                  | Orb.
     0 | D:1      | Reached XP level 1. HP: 18/18 MP: 1/1
    17 | D:1      | Reached XP level 2. HP: 24/24 MP: 2/2
    24 | D:1      | Reached XP level 3. HP: 13/30 MP: 3/3
   205 | D:1      | Reached skill level 4 in Fighting
   310 | D:1      | Reached XP level 4. HP: 37/37 MP: 4/4
   690 | D:2      | Noticed Robin
   703 | D:2      | Killed Robin
   704 | D:2      | Reached XP level 5. HP: 34/43 MP: 5/5
   915 | D:2      | Noticed Jessica
   919 | D:2      | Killed Jessica
   920 | D:2      | Reached skill level 5 in Fighting
  1236 | D:3      | Found a snail-covered altar of Cheibriados.
  1237 | D:3      | Found a sparkling altar of Nemelex Xobeh.
  1245 | D:3      | Reached XP level 6. HP: 25/51 MP: 6/6
  1398 | D:3      | Found a runed translucent gate.
  1398 | D:3      | Noticed anansati's ghost (amateur DsGl)
  1399 | D:3      | Found a runed translucent gate.
  1399 | D:3      | Found a runed translucent gate.
  1698 | D:3      | Identified the +3 ring mail of Summer {rPois Str+3}
  2093 | D:4      | Found a staircase to the Ecumenical Temple.
  2690 | D:4      | Found a hazy altar of Hepliaklqana.
  2776 | D:5      | Entered Level 5 of the Dungeon
  2788 | D:5      | Noticed an ice beast
  2792 | D:5      | Reached skill level 6 in Fighting
  2792 | D:5      | Reached XP level 7. HP: 54/58 MP: 7/7
  2794 | D:5      | Became a worshipper of Beogh the Shepherd
  2960 | D:5      | Reached skill level 5 in Axes
  3165 | D:5      | You fall into a shaft and drop 2 floors!
  3295 | D:7      | Reached skill level 7 in Fighting
  3295 | D:7      | Reached XP level 8. HP: 51/67 MP: 8/8
  3426 | D:7      | Found a radiant altar of Vehumet.
  3447 | D:7      | You fall into a shaft and drop 1 floor!
  3447 | D:8      | Found a burning altar of Makhleb.
  3614 | D:8      | Noticed a komodo dragon
  3616 | D:8      | Noticed a two-headed ogre
  3645 | D:9      | Reached skill level 8 in Fighting
  3885 | D:9      | Slain by an orc warrior

Illustrated notes

Levels and vault maps discovered:
D:1:      spicycebolla_arrival_risky_transporter, layout_rooms,
          minmay_heptomino_l4
D:2:      layout_rooms, uniq_jessica, uniq_robin
D:3:      layout_basic, gammafunk_temple_overflow_statue,
          gammafunk_ghost_nasty_kobolds
D:4:      layout_rooms, worldfamousw_hep_ancestral_shrine,
          minmay_temple_entry_slanted
D:5:      layout_cave_pools, nicolae_overflow_hidden_temple
D:7:      layout_layer_cave, vehumet_altar_wand_db,
          mainiacjoe_overflow_six_doors_small, mainiacjoe_overflow_big_doors,
          nrook_mini_backslash, kennysheep_generic_room_16, uniq_joseph,
          uniq_menkaure
D:8:      layout_basic, nicolae_overflow_crystal_walls,
          due_lair_maze_entry_diamond, chequers_serial_rivers_room_b
D:9:      layout_stronghold, nicolae_gozag_cash_rules_everything_around_me,
          minmay_misc_feat_four_crosses, nrook_pool_corridor,
          corexii_hall_statues_deadend

Skill      XL: |  1  2  3  4  5  6  7  8 |
---------------+-------------------------+-----
Fighting       | 4 5 6 7 8 |  8.0
Axes           | 3 4 6 |  6.9
Armour         | |  3.4
Shields        | |  4.1

Action                     |  1- 3 |  4- 6 |  7- 9 || total
---------------------------+-------+-------+-------++-------
  Melee: War axe           |    50 |   183 |    85 ||   318
 Invoke: Convert to Beogh  |       |       |     1 ||     1
Ability: Shaft Self        |       |       |     2 ||     2
    Use: Potion            |       |       |     7 ||     7
         Scroll            |       |       |     6 ||     6
 Armour: Scale mail        |    44 |    87 |       ||   131
         Ring mail         |       |    36 |   111 ||   147
         Skin              |       |       |     5 ||     5
  Dodge: Dodged            |    31 |    88 |    67 ||   186
  Block: Buckler           |    16 |    36 |    37 ||    89

Table legend: (Time is in decaauts)
 A = Elapsed time spent in this place.
 B = Non-inter-level travel time spent in this place.
 C = Inter-level travel time spent in this place.
 D = Time resting spent in this place.
 E = Time spent auto-exploring this place.
 F = Levels seen in this place.
 G = Mean time per level.
                   A        B        C        D        E       F      G
               +--------+--------+--------+--------+--------+-----+--------+
         Total |   3983 |   3742 |    241 |    807 |   2073 |   8 |  497.9 |
       Dungeon |   3983 |   3742 |    241 |    807 |   2073 |   8 |  497.9 |
               +--------+--------+--------+--------+--------+-----+--------+

Top non-repeatable levels by time:
     D:3: 1068 daAuts
     D:1: 700 daAuts
     D:4: 656 daAuts
     D:2: 575 daAuts
     D:7: 284 daAuts
     D:9: 272 daAuts
     D:5: 252 daAuts
     D:8: 173 daAuts
